 Dungeon Crawl Stone Soup version 0.24-a0-475-g5b41c6f198 (webtiles) character file.

Game seed: 3822632179775061825

5147 vurker the Arsonist (level 10, -9/69 HPs)
             Began as an Octopode Fire Elementalist on July 5, 2019.
             Was a Believer of Vehumet.
             Mangled by a yak (14 damage)
             ... on level 9 of the Dungeon.
             The game lasted 00:21:56 (11530 turns).

vurker the Arsonist (Octopode Fire Elementalist)   Turns: 11530, Time: 00:21:57

Health: -9/69      AC:  1    Str:  8    XL:     10   Next: 59%
Magic:  1/19       EV: 13    Int: 20    God:    Vehumet [**....]
Gold:   354        SH:  0    Dex: 13    Spells: 6/21 levels left

rFire    . . .     SeeInvis .   l - +1 spear (venom)
rCold    . . .     Gourm    .   (no shield)
rNeg     . . .     Faith    .   (helmet restricted)
rPois    .         Spirit   .   (no amulet)
rElec    .         Reflect  .   t - ring of stealth
rCorr    .         Harm     .   (no ring)
MR       .....                  (no ring)
Stlth    +++++.....             (no ring)
HPRegen  0.21/turn              (no ring)
MPRegen  0.16/turn              (no ring)
                                (no ring)
                                (no ring)

@: no status effects
A: almost no armour, stealthy swim, amphibious, 8 rings, constrict 8, camouflage
1, gelatinous body 1
a: Renounce Religion


You were on level 9 of the Dungeon.
You worshipped Vehumet.
Vehumet was pleased with you.
You were hungry.

You visited 2 branches of the dungeon, and saw 10 of its levels.

You collected 432 gold pieces.
You spent 78 gold pieces at shops.

Inventory:

Hand Weapons
 l - a +1 spear of venom (weapon)
   (You found it on level 2 of the Dungeon)
Jewellery
 t - a ring of stealth (left tentacle)
   (You found it on level 7 of the Dungeon)
Wands
 r - a wand of polymorph (6)
   (You found it on level 5 of the Dungeon)
 u - a wand of paralysis (8)
   (You found it on level 2 of the Dungeon)
 x - a wand of acid (6)
   (You found it on level 4 of the Dungeon)
Scrolls
 a - 2 scrolls of blinking
 b - 5 scrolls of enchant weapon
 c - 2 scrolls of identify {@r1}
 g - a scroll of fear
 h - a scroll of enchant armour
 n - 6 scrolls of remove curse {@r2}
 o - a scroll of teleportation {@r4}
 p - a scroll of fog
 s - a scroll of magic mapping
Potions
 d - 3 potions of flight
 f - 3 potions of mutation {!q}
 j - a potion of agility
 k - 3 potions of haste {@q3}
 m - a potion of magic
 q - a potion of cancellation {unknown}
Comestibles
 e - 7 rations {!d}
 i - 6 chunks of flesh


   Skills:
 + Level 6.6 Fighting
 - Level 2.0 Dodging
 - Level 5.0 Stealth
 + Level 6.4 Spellcasting
 + Level 6.7 Conjurations
 * Level 10.0 Fire Magic


You had 6 spell levels left.
You knew the following spells:

 Your Spells              Type           Power        Failure   Level  Hunger
a - Flame Tongue          Conj/Fire      #####        1%          1    None
b - Throw Flame           Conj/Fire      #####.       1%          2    None
c - Conjure Flame         Conj/Fire      #####...     1%          3    ##.....
q - Sticky Flame          Conj/Fire      #####...     3%          4    ####...
z - Fireball              Conj/Fire      #####.....   9%          5    #####..

Your spell library contained the following spells:

 Spells                   Type           Power        Failure   Level  Hunger
 Throw Frost              Conj/Ice       ###...       3%          2    None
 Inner Flame              Hex/Fire       ####....     3%          3    ##.....


Dungeon Overview and Level Annotations

Branches:
Dungeon (9/15)             Temple (1/1) D:5
   Lair: D:8-11         Orc: D:9-12

Altars:
Ashenzari
Cheibriados
Dithmenos
Elyvilon
Fedhas
Gozag
Hepliaklqana
Kikubaaqudgha
Ru
Sif Muna
Uskayaw
Vehumet
Xom
Yredelemnul
Zin
The Shining One

Shops:
D:9 *(

Annotations:
D:6 3 runed translucent doors, inmateoo's ghost, novice VSFi


Innate Abilities, Weirdness & Mutations

You cannot wear most types of armour.
You are very stealthy in the water. (Stealth+)
You are amphibious.
You can wear up to eight rings at the same time.
You can use your tentacles to constrict eight enemies at once.
Your skin changes colour to match your surroundings (Stealth+).
Your rubbery body absorbs attacks. (AC +1, EV +1)


Message History

The fireball explodes!
The fireball engulfs the hippogriff!
The hippogriff screeches!
You hear a bellow!
The fireball explodes!
The fireball engulfs the hippogriff!!
You hear a bellow!
You hear a shout! x2; You hear a bellow!
You hear a shout! x2
The fireball explodes!
The fireball engulfs the hippogriff!
You kill the hippogriff!
Vehumet accepts your kill.
You feel your power returning.
Your Fire Magic skill increases to level 10!
The killer bee buzzes angrily.
You hear a shout! x2
A yak comes into view.
The killer bee completely misses you.
You miss the killer bee. Your grab misses the killer bee.
The killer bee misses you. The killer bee stings you.
You are poisoned.
The killer bee poisons you!
You are feeling hungry.
You barely miss the killer bee. You grab the killer bee.
You squeeze the killer bee, but do no damage.
You constrict the killer bee.
You feel sick. The killer bee stings you. The killer bee stings you!
You hit the killer bee.
The killer bee is poisoned.
You constrict the killer bee.
You feel sick. The killer bee stings you.
You are more poisoned.
The killer bee poisons you! The killer bee barely misses you.
You hit the killer bee but do no damage.
The killer bee looks as sick as possible!
You constrict the killer bee.
You feel sick.
You kill the killer bee!
Vehumet accepts your kill.
Attack whom?
Aim: a yak You reach to attack!
You hit the yak but do no damage.
The yak is poisoned.
You feel sick.
Some of the chunks of flesh in your inventory have rotted away.
You hit the yak but do no damage.
The yak looks as sick as possible!
You feel sick. The yak gores you!
* * * LOW HITPOINT WARNING * * *
Aim: a yak (lightly wounded, poisoned)
The flame tongue hits the yak!
You feel sick. The yak gores you.
* * * LOW HITPOINT WARNING * * *
Aim: a yak (moderately wounded, poisoned)
The puff of flame hits the yak.
You feel sick. The yak gores you!
* * * LOW HITPOINT WARNING * * *
You feel better. The yak gores you.
* * * LOW HITPOINT WARNING * * *
Aim: a yak (heavily wounded, poisoned)
The sticky flame hits the yak.
The yak is covered in liquid flames!
The yak burns!
The yak gores you!
You die...

.. #...#.......
∩..#..Y#.......
..#...#....... +..
...'...#....... ##..
...#........... #...
...#........... #
#.......#.........#
#.#.......##...###+#
......♣........Y@.>#
#.....#####..###.#
###♣∩♣# #...# # #
#<##..# #.#.#
#.#†##♣.# #.#.#
...[###.####'#.##
..#...).........##
..######............
. #......#..#.#


You could see a yak (burning).

Vanquished Creatures
  A two-headed ogre (D:8)
  Pikel (D:4)
  An ugly thing (D:8)
  A troll (D:9)
  A hippogriff (D:9)
  Eustachio (D:4)
  An ice beast (D:6)
  2 orc warriors (D:8)
  2 necrophages
  2 phantoms (D:5)
  2 ogres
  3 centaurs
  A big kobold (D:7)
  2 bullfrogs (D:6)
  7 wights
  8 killer bees
  2 howler monkeys (D:7)
  2 bullfrog zombies
  4 crimson imps
  2 jellies
  A quasit (D:4)
  3 hounds
  3 orc priests
  2 orc wizards (D:5)
  2 bullfrog skeletons
  3 iguanas
  Natasha (thrice) (D:2)
  7 worker ants
  A hound skeleton (D:4)
  A worker ant zombie (D:7)
  10 adders
  3 gnolls (D:4)
  3 shadow imps
  2 oozes
  4 adder skeletons
  A worm (D:3)
  A dart slug (D:2)
  6 leopard geckos
  22 orcs
  3 bats
  6 giant cockroaches
  3 goblins
  5 hobgoblins
  8 jackals
  2 quokkas
  A ball python (D:6)
  7 frilled lizards
  A jackal zombie (D:2)
  9 kobolds
  11 rats
  A butterfly (D:5)
181 creatures vanquished.

Vanquished Creatures (others)
  A rat (D:3)
1 creature vanquished.

Grand Total: 182 creatures vanquished

Notes
Turn   | Place    | Note
-------+----------+-------------------------------------------
     0 | D:1      | vurker the Octopode Fire Elementalist began the quest for
                  | the Orb.
     0 | D:1      | Reached XP level 1. HP: 11/11 MP: 3/3
   106 | D:1      | Reached XP level 2. HP: 18/18 MP: 0/5
   113 | D:1      | Learned a level 2 spell: Throw Flame
   613 | D:2      | Reached skill level 1 in Fighting
   613 | D:2      | Reached XP level 3. HP: 18/23 MP: 1/6
   688 | D:2      | Learned a level 3 spell: Conjure Flame
  1076 | D:2      | Noticed Natasha
  1118 | D:2      | Killed Natasha
  1118 | D:2      | Reached XP level 4. HP: 8/28 MP: 0/7
  1492 | D:2      | Noticed Natasha
  1496 | D:2      | Killed Natasha
  1496 | D:2      | Reached skill level 4 in Fire Magic
  1577 | D:2      | Noticed Natasha
  1588 | D:2      | Killed Natasha
  1588 | D:2      | Reached XP level 5. HP: 25/34 MP: 2/9
  2110 | D:3      | Found a shimmering altar of Xom.
  2111 | D:3      | Noticed an angel
  2276 | D:3      | Found a glowing silver altar of Zin.
  2441 | D:3      | Found a sacrificial altar of Ru.
  2541 | D:3      | Found a faded altar of an unknown god.
  2827 | D:3      | Found a shattered altar of Ashenzari.
  3395 | D:4      | Found a deep blue altar of Sif Muna.
  3544 | D:4      | Reached XP level 6. HP: 31/40 MP: 4/10
  4163 | D:4      | Noticed Eustachio
  4192 | D:4      | Killed Eustachio
  4192 | D:4      | Reached skill level 5 in Fire Magic
  4343 | D:4      | Reached XP level 7. HP: 45/45 MP: 12/12
  4436 | D:4      | Noticed Pikel
  4451 | D:4      | Killed Pikel
  4451 | D:4      | Reached skill level 5 in Stealth
  4451 | D:4      | Reached skill level 6 in Fire Magic
  4451 | D:4      | Reached XP level 8. HP: 52/52 MP: 8/13
  4525 | D:4      | Found a blossoming altar of Fedhas.
  4731 | D:5      | Entered Level 5 of the Dungeon
  5134 | D:5      | Identified the +0 robe of the Tortoise {Str+2 Int+4}
  5784 | D:5      | Found a staircase to the Ecumenical Temple.
  5799 | Temple   | Entered the Ecumenical Temple
  5819 | Temple   | Became a worshipper of Vehumet
  5865 | D:5      | Reached skill level 7 in Fire Magic
  6680 | D:6      | Reached XP level 9. HP: 59/59 MP: 6/16
  7334 | D:6      | Reached skill level 5 in Conjurations
  7410 | D:6      | Learned a level 4 spell: Sticky Flame
  7416 | D:6      | Learned a level 5 spell: Fireball
  7545 | D:6      | Found a runed translucent gate.
  7558 | D:6      | Found a runed translucent gate.
  7558 | D:6      | Found a runed translucent gate.
  7559 | D:6      | Noticed inmateoo's ghost (novice VSFi)
  7635 | D:6      | Reached skill level 5 in Spellcasting
  7680 | D:6      | Reached skill level 8 in Fire Magic
  7854 | D:7      | Reached * piety under Vehumet
  7854 | D:7      | Offered knowledge of Sandblast by Vehumet.
  7938 | D:7      | Reached skill level 5 in Fighting
  9442 | D:7      | Found an opulent altar of Gozag.
  9443 | D:7      | Found a hazy altar of Hepliaklqana.
  9445 | D:7      | Found a sacrificial altar of Ru.
 10198 | D:8      | Reached skill level 9 in Fire Magic
 10244 | D:8      | Noticed a brown ugly thing
 10576 | D:8      | Reached XP level 10. HP: 20/68 MP: 8/18
 10576 | D:8      | Reached ** piety under Vehumet
 10978 | D:8      | Noticed a two-headed ogre
 10984 | D:8      | Killed a brown ugly thing
 10984 | D:8      | Offered knowledge of Throw Frost by Vehumet.
 11004 | D:8      | Killed a two-headed ogre
 11465 | D:9      | Found Ymerreull's General Store.
 11469 | D:9      | Bought a scroll of teleportation for 39 gold pieces
 11469 | D:9      | Bought a potion of curing for 39 gold pieces
 11515 | D:9      | Found Kyegohal's Antique Weapon Shop.
 11518 | D:9      | Reached skill level 10 in Fire Magic
 11530 | D:9      | Mangled by a yak

Levels and vault maps discovered:
D:1:      saegor_arrival_simple_c, layout_rooms, chequers_arboretum
D:2:      layout_rooms, first_ration, dk_noncrumbling_3, uniq_natasha
D:3:      layout_basic, grunt_temple_overflow_order_and_chaos_1,
          lemuel_coloured_pillars_altar, chequers_ecumenical_altar_simple,
          nicolae_ru_the_path_less_chosen
D:4:      layout_loops_corners, lemuel_crystal_altar, lemuel_blue_sif_altar,
          minmay_liquid_box, uniq_pikel, uniq_eustachio
D:5:      layout_loops_cross, minmay_temple_entry_butterflies
D:6:      layout_basic, gammafunk_ghost_necromancy
D:7:      layout_basic, grunt_temple_overflow_open
D:8:      layout_loops_cross
D:9:      layout_basic, okawaru_metal_pillars_1_2, david_orc_4, serial_shops,
          nicolae_shop_trees, nicolae_shop_window_shopping,
          nicolae_shop_statue_plus, shop, uniq_erica
Temple:   nicolae_temple_god_jail

Skill      XL: |  1  2  3  4  5  6  7  8  9 10 |
---------------+-------------------------------+-----
Fighting       | 1 2 3 4 5 6 |  6.6
Conjurations   | 2 3 4 6 |  6.7
Fire Magic     | 4 5 6 7 9 10 | 10.0
Spellcasting   | 3 4 5 6 |  6.4
Stealth        | 5 |  5.0
Dodging        | |  2.0

Action                   |  1- 3 |  4- 6 |  7- 9 | 10-12 || total
-------------------------+-------+-------+-------+-------++-------
Melee: Unarmed           |    33 |     3 |       |       ||    36
       Tentacles         |     4 |    11 |    18 |     6 ||    39
       Constrict         |     8 |    15 |    31 |     4 ||    58
       Spear             |       |    63 |   300 |    64 ||   427
 Cast: Flame Tongue      |    20 |    22 |   101 |    13 ||   156
       Throw Flame       |     7 |    25 |    61 |     4 ||    97
       Conjure Flame     |       |     1 |    23 |     2 ||    26
       Fireball          |       |       |       |     3 ||     3
       Sticky Flame      |       |       |       |     1 ||     1
Evoke: Wand              |       |       |       |     2 ||     2
  Use: Scroll            |       |    12 |     7 |       ||    19
       Potion            |       |     3 |     7 |     1 ||    11
 Stab: Sleeping          |       |     5 |     8 |       ||    13
       Distracted        |       |       |     2 |       ||     2
  Eat: Chunk             |     1 |    10 |     9 |     1 ||    21
       Ration            |       |     1 |     3 |     1 ||     5
Armor: Skin              |     2 |     2 |     4 |     1 ||     9
Dodge: Dodged            |    27 |    26 |   118 |    13 ||   184

Table legend:
 A = Non-vault XP
 B = Vault XP
 C = Vault XP percentage of total XP
 D = Non-vault monster count
 E = Vault monster count
 F = Vault count percentage of total count
                 A         B        C        D         E       F
            +---------+---------+-------+---------+---------+-------
      Total |    6478 |     875 |  11.9 |     177 |       3 |   1.7
            +---------+---------+-------+---------+---------+-------
        D:1 |      16 |       0 |   0.0 |       8 |       0 |   0.0
        D:2 |     157 |      36 |  18.7 |      27 |       1 |   3.6
        D:3 |      57 |       0 |   0.0 |      17 |       0 |   0.0
        D:4 |     244 |     839 |  77.5 |      16 |       2 |  11.1
        D:5 |     748 |       0 |   0.0 |      28 |       0 |   0.0
        D:6 |     914 |       0 |   0.0 |      21 |       0 |   0.0
        D:7 |     975 |       0 |   0.0 |      26 |       0 |   0.0
        D:8 |    2340 |       0 |   0.0 |      25 |       0 |   0.0
        D:9 |    1027 |       0 |   0.0 |       9 |       0 |   0.0
            +---------+---------+-------+---------+---------+-------
